 Dungeon Crawl Stone Soup version 0.30-a0-739-gea05faddec (webtiles) character file.

Game seed: 5071728573883984522

29 Kake the Trooper (level 3, -4/28 (29) HPs)
             Began as a Human Fighter on Feb 5, 2023.
             Slain by Sigmund
             ... wielding a +2 vampiric scythe
              (5 damage)
             ... on level 2 of the Dungeon.
             The game lasted 00:12:35 (909 turns).

Kake the Trooper (Human Fighter)                     Turns: 909, Time: 00:12:36

HP:   -4/28 (29)    AC:  6    Str: 18    XL:     3   Next: 32%
MP:   3/3           EV:  9    Int:  8    God:
Gold: 96            SH:  0    Dex: 12    Spells: 2/2 levels left

rFire   . . .      SeeInvis .    a - +0 long sword
rCold   . . .      Faith    .    c - +0 buckler
rNeg    . . .      Spirit   .    b - +0 scale mail
rPois   .          Reflect  .    (no helmet)
rElec   .          Harm     .    (no cloak)
rCorr   .          Rampage  .    (no gloves)
Will    .....                    (no boots) Stlth
                                 (no amulet)
HPRegen 0.24/turn                (no ring)
MPRegen 0.08/turn                (no ring)

@: confused, lightly drained
A: no striking features
a: no special abilities


You were on level 2 of the Dungeon.
You visited 1 branch of the dungeon, and saw 2 of its levels.

You collected 96 gold pieces.

Inventory:

Hand Weapons
 a - a +0 long sword (weapon)
 e - a +0 whip
 i - a +0 short sword
 l - a +0 rapier
 n - a +0 dagger of draining
Missiles
 g - 8 stones (quivered)
Armour
 b - a +0 scale mail (worn)
 c - a +0 buckler (worn)
 j - a +0 scale mail
 k - a +0 plate armour
Scrolls
 m - a scroll of identify {unknown}
Potions
 d - a potion of might
 f - a potion of resistance {unknown}
 h - a potion of flight {unknown}
 o - a potion of cancellation {unknown}


   Skills:
 + Level 3.4 Fighting
 + Level 2.5 Long Blades
 + Level 0.1 Maces & Flails
 + Level 3.2 Armour
 + Level 0.2 Dodging
 + Level 3.1 Shields


You had 2 spell levels left.
You didn't know any spells.
Your spell library was empty.

Dungeon Overview and Level Annotations

Branches:
Dungeon (2/15)

Altars:

Annotations:
D:2 Sigmund


Message History

Sigmund laughs darkly.
You see here a glowing blue potion.
o - a glowing blue potion
Found a scroll labelled QOIXZA JILICK.
Sigmund mumbles some strange words.
Sigmund flickers and vanishes!
Deactivating autopickup; reactivate with Ctrl-A.
An endoplasm comes into view.
A puff of flame appears from out of thin air!
The puff of flame hits you!
A puff of flame appears from out of thin air!
The puff of flame hits you! The endoplasm closely misses you.
You hit the endoplasm.
The endoplasm is severely wounded.
The endoplasm hits you but does no damage.
You block the endoplasm's attack.
You barely miss the endoplasm.
The endoplasm is heavily wounded.
The endoplasm freezes you.
You are frozen.
You hit the endoplasm.
The endoplasm is almost dead.
The endoplasm freezes you.
You are frozen.
* * * LOW HITPOINT WARNING * * *
You barely miss the endoplasm.
The endoplasm is almost dead.
Something hits you.
* * * LOW HITPOINT WARNING * * *
The endoplasm hits you but does no damage.
The endoplasm barely misses you.
You hit the endoplasm.
You kill the endoplasm!
You hear some strange, mumbled words.
You are confused.
Something hits you.
* * * LOW HITPOINT WARNING * * *
You're too confused to move!
Something hits you.
You die...

.##........................#
# #.#...#..................#
.........................##
##.#..#..................##
...................#
...................#
...................#
.>)................#
........@..........##.
......................
..................###.
...................#
....................#
....................#
....?...............#
....................+
...........?........#


There were no monsters in sight!

Vanquished Creatures
  A dart slug (D:1)
  4 endoplasms
  A giant cockroach (D:1)
  A goblin (D:2)
  5 hobgoblins (D:1)
  2 quokkas
  2 ball pythons
  4 bats (D:1)
  A frilled lizard (D:1)
  2 kobolds (D:1)
  A rat (D:1)
24 creatures vanquished.

Notes
Turn   | Place    | Note
-------+----------+-------------------------------------------
     0 | D:1      | Kake the Human Fighter began the quest for the Orb.
     0 | D:1      | Reached XP level 1. HP: 18/18 MP: 1/1
   197 | D:1      | Reached XP level 2. HP: 19/24 MP: 2/2
   594 | D:1      | Reached XP level 3. HP: 26/29 MP: 3/3
   893 | D:2      | Noticed Sigmund
   907 | D:2      | HP: 1/28 [something (6)]
   909 | D:2      | Slain by Sigmund

Illustrated notes

Levels and vault maps discovered:
D:1:      minmay_arrival_arboretum_small, layout_basic
D:2:      layout_rooms, supply_closet_lemuel, small_statue_intersection,
          uniq_sigmund

Action                     || total
---------------------------++-------
  Melee: Long sword        ||    68
         Whip              ||     5
  Throw: Stone             ||     7
 Armour: Scale mail        ||    38
  Dodge: Dodged            ||    34
  Block: Buckler           ||    12

Table legend: (Time is in decaauts)
 A = Elapsed time spent in this place.
 B = Non-inter-level travel time spent in this place.
 C = Inter-level travel time spent in this place.
 D = Time resting spent in this place.
 E = Time spent auto-exploring this place.
 F = Levels seen in this place.
 G = Mean time per level.
                   A        B        C        D        E       F      G
               +--------+--------+--------+--------+--------+-----+--------+
         Total |    930 |    814 |    116 |      0 |    130 |   2 |  465.0 |
       Dungeon |    930 |    814 |    116 |      0 |    130 |   2 |  465.0 |
               +--------+--------+--------+--------+--------+-----+--------+

Top non-repeatable levels by time:
     D:1: 790 daAuts
     D:2: 140 daAuts
